 Dungeon Crawl Stone Soup version 0.27-a0-1036-g8e1b44f6bd (webtiles) character file.

Game seed: 18118011070191636807

0 spiderkeys the Skirmisher (level 1, -4/18 HPs)
             Began as a Demonspawn Abyssal Knight on Apr 18, 2021.
             Was a Follower of Lugonu.
             Killed from afar by a starcursed mass (8 damage)
             ... with an accursed screaming
             ... on level 1 of the Abyss.
             The game lasted 00:00:40 (152 turns).

spiderkeys the Skirmisher (DsAK)                     Turns: 152, Time: 00:00:40

Health: -4/18      AC:  3    Str: 12    XL:     1   Next: 0%
Magic:  2/2        EV: 11    Int: 13    God:    Lugonu [*.....]
Gold:   0          SH:  0    Dex: 12    Spells: 0/0 levels left

rFire    . . .     SeeInvis .   a - +1 spear
rCold    . . .     Faith    .   (no shield)
rNeg     . . .     Spirit   .   b - +0 leather armour
rPois    .         Reflect  .   (no helmet)
rElec    .         Harm     .   (no cloak)
rCorr    .         Rampage  .   (no gloves)
Will     .....                  (no boots)
Stlth    +.........             (no amulet)
HPRegen  0.06/turn              (no ring)
MPRegen  0.08/turn              (no ring)

@: no status effects
A: no striking features
a: Renounce Religion, Depart the Abyss


You were on level 1 of the Abyss.
You worshipped Lugonu.
Lugonu was aware of your devotion.
You visited 0 branches of the dungeon, and saw 0 of its levels.
You visited the Abyss 1 time.


   Skills:
 + Level 3.0 Fighting
 + Level 1.7 Polearms
 + Level 1.7 Armour
 + Level 0.8 Dodging
 + Level 2.4 Invocations


You couldn't memorise any spells.
You didn't know any spells.
Your spell library was empty.

Inventory:

Hand Weapons
 a - a +1 spear (weapon)
Armour
 b - a +0 leather armour (worn)
Potions
 c - a potion of haste {unknown}

Dungeon Overview and Level Annotations

Branches:
Dungeon (0/15)

Altars:

### #. .. #..##.# #♣
#.#.... ## ≈ ≈
......X##.## ≈≈≈ ..#
.#@..$### ≈ ..X.#5###.#
# # # ...
X#.......#.#.# ≈ #
#.##.#.#...#.#≈≈ .
.....##.##≈≈≈ ≈# #
#.####...#≈≈≈≈≈ ### .
.. ##.#.###.X..≈≈≈≈♣≈
.# . .X
#...#.......♣≈♣.....##.
.... ##.X.....#≈≈.#....
#


You could see a starcursed mass, a thrashing horror and an ufetubus.


Message History

🤖 Initializing magus.rc ... ✅ Successfully initialized magus.rc [v1.9.10] Welcome, spiderkeys the Demonspawn Abyssal Knight.
Will you be the one to retrieve the transcendent Orb of Zot from the depths?
Lugonu says: Depart the Abyss and spread corruption, my servant! (use the ability menu to exit the Abyss) Press ? for a list of commands and other information.
Found an inky potion.
Found a corrupted altar of Lugonu.
c - an inky potion
Found a gateway leading out of the Abyss.
You are suddenly pulled into a different region of the Abyss!
You enter the shallow water.
Moving in this stuff is going to be slow.
A large abomination comes into view.
You enter the shallow water.
Moving in this stuff is going to be slow.
An ufetubus comes into view.
The ufetubus shouts!
A starcursed mass comes into view.
A starcursed mass splits.
The ufetubus barely misses you. The ufetubus closely misses you.
A tentacled starspawn comes into view.
The ufetubus hits you.
The ufetubus barely misses you. 😕 HP[-2]
You take 2 damage, and now have 16/18 hp.
The ufetubus closely misses you. The ufetubus hits you. 😮 HP[-3]
You take 3 damage, and now have 13/18 hp. 😕 HP[+1]
A starcursed mass splits.
A chorus of shrieks assaults your mind. The ufetubus barely misses you.
The ufetubus hits you.
* * * LOW HITPOINT WARNING * * *
😨 HP[-7]
You take 7 damage, and now have 7/18 hp.
MASSIVE DAMAGE!! (PAUSE)
A thrashing horror comes into view.
The ufetubus hits you.
* * * LOW HITPOINT WARNING * * *
The ufetubus hits you.
* * * LOW HITPOINT WARNING * * *
😱 HP[-3]
You take 3 damage, and now have 4/18 hp.
The ufetubus barely misses you.
The ufetubus hits you but does no damage.
A starcursed mass splits.
The starcursed mass shrieks in your mind.
You die...

Action                   || total
-------------------------++-------
Armor: Leather armour    ||     1
Dodge: Dodged            ||     6

Levels and vault maps discovered:
Abyss:1:  base: Temple, base:
Temple

Notes
Turn   | Place    | Note
-------+----------+-------------------------------------------
     0 | Abyss:1  | spiderkeys the Demonspawn Abyssal Knight began the quest
                  | for the Orb.
     0 | Abyss:1  | Reached XP level 1. HP: 18/18 MP: 2/2
     0 | Abyss:1  | magus.rc [v1.9.10]
   116 | Abyss:1  | Noticed a large abomination
   139 | Abyss:1  | Noticed a starcursed mass
   143 | Abyss:1  | Noticed a tentacled starspawn
   150 | Abyss:1  | Noticed a thrashing horror
   150 | Abyss:1  | HP: 4/18 [ufetubus (2)]
   152 | Abyss:1  | Killed from afar by a starcursed mass

Vanquished Creatures (others)
  2 starspawn tentacles (Abyss:1)
2 creatures vanquished.

Table legend:
 A = Non-vault XP
 B = Vault XP
 C = Vault XP percentage of total XP
 D = Non-vault monster count
 E = Vault monster count
 F = Vault count percentage of total count
                 A         B        C        D         E       F
            +---------+---------+-------+---------+---------+-------
      Total |       0 |       0 |   N/A |       0 |       0 |  -nan
            +---------+---------+-------+---------+---------+-------
            +---------+---------+-------+---------+---------+-------

Illustrated notes

Table legend: (Time is in decaauts)
 A = Elapsed time spent in this place.
 B = Non-inter-level travel time spent in this place.
 C = Inter-level travel time spent in this place.
 D = Time resting spent in this place.
 E = Time spent auto-exploring this place.
 F = Levels seen in this place.
 G = Mean time per level.
                   A        B        C        D        E       F      G
               +--------+--------+--------+--------+--------+-----+--------+
         Total |    154 |    154 |      0 |      0 |     56 |   1 |  154.0 |
         Abyss |    154 |    154 |      0 |      0 |     56 |   1 |  154.0 |
               +--------+--------+--------+--------+--------+-----+--------+

Top non-repeatable levels by time:
 Abyss:1: 154 daAuts
